 Dungeon Crawl Stone Soup version 0.22-a0-455-ga0624bf62c (webtiles) character file.

40 M4edhros the Insei (level 3, 0/29 HPs)
             Began as a Mummy Monk on June 5, 2018.
             Slain by a rat (3 damage)
             ... on level 2 of the Dungeon.
             The game lasted 00:00:53 (1439 turns).

M4edhros the Insei (Mummy Monk)                     Turns: 1439, Time: 00:00:54

Health: 0/29       AC:  0    Str: 14    XL:     3   Next: 30%
Magic:  3/3        EV: 13    Int:  9    God:
Gold:   110        SH:  0    Dex: 15    Spells: 2/2 levels left

rFire    x . .     SeeInvis .     - Unarmed
rCold    + . .     Gourm    .   (no shield)
rNeg     + + +     Faith    .   (no armour)
rPois    ∞         Spirit   .   (no helmet)
rElec    .         Reflect  .   (no cloak)
rCorr    .         Harm     .   (no gloves)
MR       .....                  (no boots)
Stlth    ++........             (no amulet)
HPRegen  0.09/turn              (no ring)
MPRegen  0.08/turn              (no ring)

@: slowed, very slow
A: no food or potions, fire vulnerability, cold resistance 1, negative energy
resistance 3, torment resistance, unbreathing
a: no special abilities


You were on level 2 of the Dungeon.
You were not hungry.

You visited 1 branch of the dungeon, and saw 2 of its levels.

You collected 110 gold pieces.

Inventory:

Armour
 b - a +0 shield
Scrolls
 a - a scroll of teleportation {unknown}
 c - a scroll of noise
 d - a scroll of blinking {unknown}
 e - a scroll of identify {unknown}
 f - a scroll of amnesia {unknown}


   Skills:
 - Level 3.0 Fighting
 - Level 2.4 Dodging
 - Level 1.5 Stealth
 + Level 3.6 Unarmed Combat


You had 2 spell levels left.
You didn't know any spells.
Your spell library was empty.

Dungeon Overview and Level Annotations

Branches:
Dungeon (2/15)

Altars:


Innate Abilities, Weirdness & Mutations

You do not eat or drink.
Your flesh is vulnerable to fire.
You are immune to poison.
Your flesh is cold resistant. (rC+)
You are immune to negative energy. (rN+++)
You are immune to unholy pain and torment.
You can survive without breathing.


Message History

Jessica casts a spell.
Jessica seems to speed up.
You hit Jessica but do no damage.
You kill Jessica!
You have reached level 3!
Your experience leads to an increase in your attributes!
Increase (S)trength, (I)ntelligence, or (D)exterity?
You feel agile. The rat bites you.
* * * LOW HITPOINT WARNING * * *
The rat closely misses you. The rat bites you.
* * * LOW HITPOINT WARNING * * *
You can't drink.
As you read the scroll labeled CADIBAGRYE, it crumbles to dust.
You hear a loud clanging noise!
It was a scroll of noise.
You hear a shout!
The rat bites you.
You die...

#......# #
#......# #
#.....!# #
#.###### #
#.# # #.#
####### #.#
#......
#####+###.#
#####.#####
#.......#@#
#.....#
#.....?.#r#
#.#####
#.......#g#
#.#
#.......#g#
#.#
#.......#.#
#.#
#....g..#.#
#.#
#.....g.#)#
#.#
#######...#
#.# ##.(#
#.#


You could see a hobgoblin, a goblin and a rat.

Vanquished Creatures
  Jessica (D:2)
  A dart slug (D:1)
  A leopard gecko (D:1)
  A bat (D:1)
  2 goblins (D:1)
  2 kobolds
  3 frilled lizards
  2 rats
  A fungus (D:1)
14 creatures vanquished.

Notes
Turn   | Place    | Note
-------+----------+-------------------------------------------
     0 | D:1      | M4edhros the Mummy Monk began the quest for the Orb.
     0 | D:1      | Reached XP level 1. HP: 18/18 MP: 1/1
   332 | D:1      | Reached XP level 2. HP: 17/24 MP: 2/2
  1415 | D:2      | Noticed Jessica
  1433 | D:2      | Killed Jessica
  1433 | D:2      | Reached XP level 3. HP: 5/29 MP: 3/3
  1439 | D:2      | Slain by a rat

Vault maps used:
D:1:      dpeg_arrival_rooms_b, minmay_stone_trees_small,
          minmay_gold_behind_fungi, grunt_decor_one_mirror
D:2:      chequers_temple_overflow_minitemple, uniq_jessica

Skill      XL: |  1 |
---------------+----+-----
Unarmed Combat | 3 |  3.6
Fighting       | |  3.0
Dodging        | |  2.4
Stealth        | |  1.5

Action                   || total
-------------------------++-------
Melee: Unarmed           ||    87
       Punch             ||     2
  Use: Scroll            ||     1
 Stab: Sleeping          ||     3
Dodge: Dodged            ||    42

Table legend:
 A = Spawn XP
 B = Non-spawn XP
 C = Spawn XP percentage of total XP
 D = Spawn monster count
 E = Non-spawn monster count
 F = Spawn count percentage of total count
 G = Total turns spent on level
                    A         B        C        D         E        F      G
               +---------+---------+-------+---------+---------+-------+---------
         Total |       0 |      58 |   0.0 |       0 |      13 |   0.0 |  1439
               +---------+---------+-------+---------+---------+-------+---------
           D:1 |       0 |      18 |   0.0 |       0 |       9 |   0.0 |  1189
           D:2 |       0 |      40 |   0.0 |       0 |       4 |   0.0 |   250
               +---------+---------+-------+---------+---------+-------+---------
